 Dungeon Crawl Stone Soup version 0.31.0-11-ge490571c62 (console) character file.

Game seed: 17694629519104107301

61947 AlterAsc the Unseen (level 14, -3/69 HPs)
             Began as a Spriggan Enchanter on Feb 8, 2024.
             Was a High Priest of Lugonu.
             Killed by divine providence
             ... invoked by an orc priest
              (14 damage)
             ... on level 2 of the Orcish Mines on Feb 9, 2024.
             The game lasted 01:40:16 (24838 turns).

AlterAsc the Unseen (Spriggan Enchanter)           Turns: 24838, Time: 01:40:16

Health: -3/69      AC:  8    Str:  4    XL:     14   Next: 62%
Magic:  21/21      EV: 30    Int: 23    God:    Lugonu [*****.]
Gold:   1115       SH:  0    Dex: 26    Spells: 13/21 levels left

rFire   . . .        n - +0 dagger (elec)
rCold   + . .        (no shield)
rNeg    . . .        E - +0 steam dragon scales
rPois   +            W - +2 hat {Stlth+}
rElec   .            p - +0 cloak
rCorr   .            (gloves unavailable)
SInv    +            (boots unavailable)
Will    ++...        N - amulet of magic regeneration
Stlth   +++++++++    U - ring "Byebuyfi" {^Drain rPois Int+6 Dex+6}
HPRegen 0.31/turn    G - ring of protection from cold
MPRegen 0.57/turn

%: no passive effects
@: studying Air Magic, invisible, very quick
A: very small, no large weapons, unfitting armour, see invisible, speed 3
a: Renounce Religion, Depart the Abyss, Banish, Corrupt, Enter the Abyss


You were on level 2 of the Orcish Mines.
You worshipped Lugonu.
Lugonu was extremely pleased with you.
You visited 3 branches of the dungeon, and saw 18 of its levels.
You visited the Abyss 1 time.
You also visited: Bailey and Ice Cave.

You collected 1946 gold pieces.
You spent 831 gold pieces at shops.

Inventory:

Hand Weapons
 n - a +0 dagger of electrocution (weapon)
 F - a +0 rapier
 L - the +11 long sword "Vicif" {speed, rElec rPois Str-2 SInv}
   (You found it on level 10 of the Dungeon)

   Str-2:     It affects your strength (-2).
   rElec:     It insulates you from electricity.
   rPois:     It protects you from poison SInv: It lets you see invisible.
 M - a +1 short sword of electrocution
 S - a +4 long sword of distortion
 Z - a +4 scimitar of flaming
Missiles
 e - 24 poisoned darts (quivered)
 k - 3 throwing nets
 v - 6 curare-tipped darts
 T - 4 atropa-tipped darts
Armour
 a - +0 acid dragon scales
 p - a +0 cloak (worn)
 E - +0 steam dragon scales (worn)
 K - the +1 robe of Vines {NoPotionHeal Regen++++}
   (You found it on level 10 of the Dungeon)

   NoPotionHeal: Its wearer cannot be healed by potions.
   Regen++++: It increases your rate of health regeneration.
 W - a +2 hat of stealth (worn)
Jewellery
 o - a ring of resist corrosion
 D - a +6 ring of dexterity
 G - a ring of protection from cold (right hand)
 N - an amulet of magic regeneration (around neck)
 O - a +6 ring of dexterity
 U - the ring "Byebuyfi" (left hand) {^Drain rPois Int+6 Dex+6}
   (You found it in an ice cave)

   [ring of intelligence]

   Int+6:     It affects your intelligence (+6).
   Dex+6:     It affects your dexterity (+6).
   rPois:     It protects you from poison ^Drain: It drains your maximum health
   when unequipped.
 V - the ring "Gojiraeb" {^Contam rPois rC+ Will++ rCorr}
   (You found it in an ice cave)

   [ring of protection from cold]

   rC+:       It protects you from cold.
   rPois:     It protects you from poison Will++: It greatly increases your
   willpower.
   ^Contam:   It causes magical contamination when unequipped.
   rCorr:     It protects you from acid and corrosion.
Wands
 b - a wand of iceblast (8)
 A - a wand of charming (22)
 P - a wand of flame (27)
Scrolls
 d - 5 scrolls of teleportation
 f - a scroll of poison
 g - 3 scrolls of revelation
 h - 4 scrolls of immolation
 j - 2 scrolls of amnesia
 l - a scroll of butterflies
 s - 4 scrolls of vulnerability
 t - 4 scrolls of fog
 x - 6 scrolls of silence
 J - 3 scrolls of enchant weapon
 X - 2 scrolls of torment
Potions
 i - 4 potions of attraction {unknown}
 m - 7 potions of enlightenment
 q - 2 potions of berserk rage
 r - a potion of lignification {unknown}
 u - a potion of curing
 w - 2 potions of magic {unknown}
 z - 2 potions of mutation {unknown}
 B - 2 potions of degeneration {unknown}
 C - 2 potions of brilliance {unknown}
 H - a potion of haste {unknown}
 I - 3 potions of heal wounds {unknown}
 Y - 2 potions of might {unknown}
Miscellaneous
 Q - a lightning rod (4/4)
 R - a phantom mirror


   Skills:
 + Level 5.7 Fighting
 - Level 14.0 Short Blades
 + Level 11.7 Dodging
 - Level 20.0 Stealth
 - Level 4.0 Spellcasting
 - Level 16.0 Hexes
 - Level 2.0 Ice Magic
 + Level 7.1 Invocations


You had 13 spell levels left.
You knew the following spells:

 Your Spells              Type           Power      Damage    Failure   Level
a - Ensorcelled Hibernat  Hex/Ice        92%        N/A       1%          2
b - Confusing Touch       Hex            67%        N/A       1%          3
c - Tukima's Dance        Hex            67%        N/A       1%          3

Your spell library contained the following spells:

 Spells                   Type           Power      Damage    Failure   Level
 Dazzling Flash           Conj/Hex       82%        N/A       1%          3
 Anguish                  Hex/Necr       20%        N/A       3%          4
 Apportation              Tloc           8%         N/A       11%         1
 Magic Dart               Conj           16%        1d3       11%         1
 Necrotise                Necr           16%        1d4       11%         1
 Sandblast                Erth           8%         2d5       11%         1
 Sting                    Conj/Alch      16%        1d4       11%         1
 Summon Small Mammal      Summ           16%        N/A       11%         1
 Searing Ray              Conj           8%         2d4       16%         2
 Fugue of the Fallen      Necr           4%         N/A       30%         3
 Passwall                 Erth           4%         N/A       30%         3
 Stone Arrow              Conj/Erth      8%         3d7       30%         3
 Brom's Barrelling Bould  Conj/Erth      4%         2d3       71%         4
 Fulminant Prism          Conj/Alch      2%         3d5       71%         4
 Fireball                 Conj/Fire      2%         3d4       96%         5
 Iskenderun's Battlesphe  Conj           4%         2d6       96%         5
 Conjure Ball Lightning   Conj/Air       2%         3x3d6     100%        6
 Orb of Destruction       Conj           2%         9d5       100%        7


Dungeon Overview and Level Annotations

Branches:
Dungeon (12/15)            Temple (0/1) D:7            Lair (4/5) D:11
 Shoals (0/4) Lair:2       Spider (0/4) Lair:3          Orc (2/2) D:12
    Elf (0/3) Orc:2        Bailey (visited)           IceCv (visited)
  Slime: Lair:4-5

Altars:
Dithmenos
Fedhas
Gozag
Kikubaaqudgha
Nemelex Xobeh
Ru
Sif Muna
Trog
Uskayaw
Vehumet
Wu Jian
Xom
Yredelemnul
Zin
The Shining One

Shops:
D:1 =   D:2 =(   D:5 =*   D:6 :   D:11 =*[*:   D:12 :([

Annotations:
D:11 lasso's ghost, journeyman OpSh
Lair:2 1 runed translucent door, Elebi's ghost, journeyman DrSh
Orc:1 Sonja
Orc:2 Snorg


Innate Abilities, Weirdness & Mutations

You are very small and have problems with some larger weapons.
You are too small for most types of armour.
You have supernaturally acute eyesight. (SInv)
You cover ground extremely quickly. (Speed+++)


Message History

The orc priest looks drowsy...
The orc priest shouts!
You hear a shout!
The helpless orc priest fails to defend itself.
You stick the orc priest like a pincushion!!!!!
You kill the orc priest!
Lugonu accepts your kill.
Casting: Ensorcelled Hibernation (safe; 1% risk of failure)
Confirm with . or Enter, or press ? or * to list all spells.
Aiming: Ensorcelled Hibernation (safe; 1% risk of failure)
Press: ? - help, Shift-Dir - straight line, f - orc priest
Aim: an orc priest, wielding a +0 morningstar (chance to affect: 69%)
The orc priest looks drowsy...
The orc priest mumbles some strange prayers to Beogh against you.
Beogh smites you!
An orc comes into view. It is wielding a +0 short sword.
The orc priest mumbles some strange prayers to Beogh against you.
Beogh smites you!
The orc shouts!
The orc priest shouts!
You hear a shout!
You hit the orc priest.
The orc priest is lightly wounded.
You hear a shout!
You hit the orc priest.
Lightning courses through the orc priest!
You kill the orc priest!
Lugonu accepts your kill.
The orc priest mumbles some strange prayers to Beogh against you.
Beogh smites you!
* * * LOW HITPOINT WARNING * * *
You fade into invisibility!
The orc priest mumbles some strange prayers to Beogh against you.
Beogh smites you!
* * * LOW HITPOINT WARNING * * *
You feel better.
An orc wizard comes into view. It is wielding a +2 dagger of venom.
The orc priest looks satisfied for a moment.
The orc warrior completely misses you.
Okay, then.
The orc priest invokes the aid of Beogh against you.
Beogh smites you!
You die...

.o............###)...(..##
................#......[.#
,,........#..............#
*,.......o...............#
,,..............#........#
,,.......o....[.........##
,,......[....oo...#.##..##
,,.oo.......o)o.)..##....#
,,o........oo.)...###....#
,,.######.....)..###.....#
,,,,,,,,##......@##......#
,,,,,,,,,##.......#....$####
****,,,,,,#..............###
*,*,,,,,,,#.............####
,,,,*,,,,,#........$.....###
,,,***,,,,#..............###
,,,,*,,*,,#.............####
*∩*,,,**,,#..............###
∩⌠∩,,,,*,,#.............####
*∩*,,,**,,#............).###
,,,,*,,*,,#.$.o.........####


You could see an orc warrior (wandering, unable to see you), 4 orc priests, an
orc wizard (wandering, unable to see you) and 2 orcs.

Vanquished Creatures
  Gastronok (D:12)
  An azure jelly (IceCv)
  A quicksilver ooze (IceCv)
  Azrael (D:12)
  2 hydras
  Erolcha (D:10)
  Erica (Lair:1)
  2 boulder beetles
  A dancing weapon (D:11)
  5 two-headed ogres
  3 death yaks (Lair:1)
  A tengu warrior (D:10)
  4 orc high priests (Orc:2)
  A skyshark (Lair:2)
  3 skeletal warriors (D:10)
  3 orc knights
  2 orc sorcerers
  A manticore (D:10)
  4 cyclopes
  Maurice (D:7)
  A deep elf pyromancer (D:10)
  3 ugly things (D:11)
  3 kobold blastminers
  2 merfolk sirens (Lair:2)
  2 ice statues (IceCv)
  2 gargoyles (D:11)
  8 komodo dragons
  8 cane toads
  3 unseen horrors
  3 rime drakes
  2 ice devils (D:12)
  2 kobold demonologists
  10 trolls
  2 merfolk (Lair:2)
  A polar bear (shapeshifter) (D:10)
  A troll (shapeshifter) (D:10)
  Prince Ribbit (D:8)
  18 blink frogs
  16 slime creatures
  Sigmund (D:2)
  2 jumping spiders (Lair:3)
  A shadow (D:10)
  5 wyverns
  A wraith (D:11)
  A vampire (D:11)
  3 basilisks
  28 yaks
  4 fire elementals (D:12)
  Grum (D:9)
  2 wargs
  2 steam dragons
  A redback (Lair:3)
  3 vampire mosquitoes (D:11)
  2 acid dragons
  A great orb of eyes simulacrum (IceCv)
  Duvessa (D:6)
  8 water moccasins
  A hell hound (D:12)
  23 orc warriors
  A sky beast (D:6)
  2 ice beasts (D:7)
  4 black bears
  4 ogres
  5 centaurs
  10 wolves
  2 slime creature simulacra (IceCv)
  A phantom (D:5)
  6 kobold brigands
  12 bullfrogs
  2 gnoll sergeants (D:11)
  9 wights (D:8)
  5 glowing shapeshifter simulacra (IceCv)
  3 scorpions
  Dowan (D:6)
  4 killer bees (D:8)
  2 electric eels
  5 howler monkeys
  4 bombardier beetles (D:5)
  7 hounds
  24 orc priests
  6 jellies
  Crazy Yiuf (D:2)
  An iguana (D:6)
  16 orc wizards
  A sleepcap (D:6)
  5 shapeshifter simulacra (IceCv)
  11 gnolls
  11 adders
  3 white imps
  2 ufetubi (D:5)
  A ribbon worm (D:4)
  2 dart slugs
  59 orcs
  8 bats
  10 endoplasms
  9 giant cockroaches
  11 goblins
  8 hobgoblins
  10 jackals
  27 kobolds
  5 quokkas
  13 ball pythons
  3 frilled lizards
  3 rats (D:1)
557 creatures vanquished.

Vanquished Creatures (collateral kills)
  An orc warrior (Bailey)
1 creature vanquished.

Vanquished Creatures (others)
  A komodo dragon (D:12)
  A warg (Orc:2)
  An orc warrior (D:10)
3 creatures vanquished.

Grand Total: 561 creatures vanquished

Notes
Turn   | Place    | Note
-------+----------+-------------------------------------------
     0 | D:1      | AlterAsc the Spriggan Enchanter began the quest for the
                  | Orb.
     0 | D:1      | Reached XP level 1. HP: 9/9 MP: 5/5
   240 | D:1      | Reached XP level 2. HP: 6/13 MP: 6/6
   302 | D:1      | Learned a level 2 spell: Ensorcelled Hibernation
   764 | D:1      | Reached XP level 3. HP: 16/16 MP: 5/8
   838 | D:1      | Found a faded altar of an unknown god.
  1284 | D:1      | Found Fuosta's Jewellery Boutique.
  1412 | D:2      | Noticed Sigmund
  1420 | D:2      | Killed Sigmund
  1421 | D:2      | Reached skill level 7 in Stealth
  1421 | D:2      | Reached skill level 1 in Ice Magic
  1421 | D:2      | Reached XP level 4. HP: 21/21 MP: 6/9
  1421 | D:2      | Reached XP level 5. HP: 24/24 MP: 6/10
  1475 | D:2      | Reached skill level 8 in Stealth
  2034 | D:2      | Found Otriez's Antique Weapon Boutique.
  2273 | D:2      | Found a runed translucent door.
  2274 | D:2      | Noticed Crazy Yiuf
  2456 | D:2      | Found Eloery's Jewellery Boutique.
  2569 | D:2      | Killed Crazy Yiuf
  2570 | D:2      | Reached XP level 6. HP: 28/28 MP: 0/11
  2819 | D:3      | Reached skill level 9 in Stealth
  2873 | D:3      | Found a shadowy altar of Dithmenos.
  2926 | D:3      | Found an opulent altar of Gozag.
  3730 | D:4      | Found a shimmering blue altar of Sif Muna.
  4344 | D:4      | Reached XP level 7. HP: 32/32 MP: 9/12
  4616 | D:4      | Reached skill level 5 in Hexes
  4884 | D:5      | Entered Level 5 of the Dungeon
  5040 | D:5      | Reached skill level 10 in Stealth
  5127 | D:5      | Found an ornate altar of the Wu Jian Council.
  5241 | D:5      | Found Jypeoz's Jewellery Shop.
  5242 | D:5      | Found an ancient bone altar of Kikubaaqudgha.
  5262 | D:5      | Reached XP level 8. HP: 36/36 MP: 9/15
  5700 | D:5      | Reached skill level 5 in Short Blades
  5846 | D:5      | Found a shimmering altar of Xom.
  5846 | D:5      | Found a basalt altar of Yredelemnul.
  5846 | D:5      | Found an ancient bone altar of Kikubaaqudgha.
  5846 | D:5      | Found a shimmering blue altar of Sif Muna.
  5846 | D:5      | Found a glowing silver altar of Zin.
  5846 | D:5      | Found a hide-covered altar of Uskayaw.
  5846 | D:5      | Noticed a slime creature
  5846 | D:5      | Noticed a slime creature
  5930 | D:5      | Killed a slime creature
  5964 | D:5      | Killed a slime creature
  6050 | D:5      | Became a worshipper of Uskayaw the Reveller
  6163 | D:5      | Reached * piety under Uskayaw
  6171 | D:5      | Found a sacrificial altar of Ru.
  6257 | D:5      | Reached ** piety under Uskayaw
  6264 | D:5      | Reached XP level 9. HP: 30/39 MP: 6/16
  6380 | D:5      | Found Ynehuch's Assorted Antiques.
  6712 | D:6      | Reached skill level 1 in Invocations
  6897 | D:6      | Found Qileal's Book Emporium.
  6932 | D:6      | Reached *** piety under Uskayaw
  6999 | D:6      | Noticed Duvessa
  7000 | D:6      | Noticed Dowan
  7011 | D:6      | Killed Duvessa
  7016 | D:6      | Killed Dowan
  7116 | D:6      | Found a blossoming altar of Fedhas.
  7698 | D:7      | Reached skill level 10 in Short Blades
  7735 | D:7      | Found a sparkling altar of Nemelex Xobeh.
  7834 | D:7      | Noticed Maurice
  7836 | D:7      | Killed Maurice
  7837 | D:7      | Reached skill level 1 in Fighting
  7837 | D:7      | Reached skill level 11 in Stealth
  7847 | D:7      | Found a flagged portal.
  7866 | Bailey   | Entered a bailey
  8466 | Bailey   | Noticed an orc knight
  8519 | Bailey   | Killed an orc knight
  8520 | Bailey   | Reached skill level 12 in Stealth
  8520 | Bailey   | Reached XP level 10. HP: 49/49 MP: 7/17
  8950 | D:7      | Identified the +3 quarterstaff of Fate {freeze, rPois
                  | Will+}
  9374 | D:7      | Found a staircase to the Ecumenical Temple.
  9420 | D:7      | Learned a level 3 spell: Confusing Touch
  9424 | D:7      | Learned a level 3 spell: Tukima's Dance
  9480 | D:7      | Found a radiant altar of Vehumet.
  9750 | D:8      | Reached skill level 13 in Stealth
  9788 | D:8      | Found a glowing golden altar of the Shining One.
 10126 | D:1      | Bought a +6 ring of dexterity for 432 gold pieces
 10888 | D:8      | Reached skill level 5 in Dodging
 11179 | D:8      | Noticed a two-headed ogre
 11241 | D:8      | Killed a two-headed ogre
 11386 | D:8      | Noticed Prince Ribbit
 11398 | D:8      | Killed Prince Ribbit
 11795 | D:9      | Noticed a two-headed ogre
 11802 | D:9      | Killed a two-headed ogre
 11803 | D:9      | Reached XP level 11. HP: 52/52 MP: 18/18
 11918 | D:9      | Noticed Grum
 11960 | D:9      | Killed Grum
 12388 | D:9      | Found the +7 Throatcutter {drain, coup de grace}
 12400 | D:9      | Noticed a soul eater
 12418 | D:9      | Noticed a sun demon
 12515 | D:10     | Entered Level 10 of the Dungeon
 12543 | D:10     | Found the +1 robe of Vines {NoPotionHeal Regen++++}
 12547 | D:10     | Noticed a four-headed hydra
 12591 | D:10     | Killed a four-headed hydra
 12592 | D:10     | Reached skill level 10 in Hexes
 12724 | D:10     | Noticed Erolcha
 12731 | D:10     | Killed Erolcha
 12743 | D:10     | Noticed a tengu warrior
 12744 | D:10     | Noticed a boulder beetle
 12746 | D:10     | Killed a tengu warrior
 12746 | D:10     | Reached **** piety under Uskayaw
 12747 | D:10     | Reached skill level 5 in Invocations
 12754 | D:10     | Killed a boulder beetle
 12788 | D:10     | Identified the +11 long sword "Vicif" {speed, rElec rPois
                  | Str-2 SInv}
 12862 | D:10     | Noticed a deep elf pyromancer
 12875 | D:10     | Killed a deep elf pyromancer
 12876 | D:10     | Reached skill level 5 in Fighting
 12943 | D:10     | Noticed a skeletal warrior
 13129 | D:10     | Killed a skeletal warrior
 13187 | D:10     | Noticed a skeletal warrior
 13188 | D:10     | Noticed a skeletal warrior
 13223 | D:10     | Killed a skeletal warrior
 13317 | D:10     | Noticed an orc knight
 13329 | D:10     | Killed an orc knight
 13529 | D:10     | Reached XP level 12. HP: 28/60 MP: 16/19
 13936 | D:10     | Identified the staff of Pestilence {rF+ rCorr Fire}
 14030 | D:11     | Found a runed translucent door.
 14031 | D:11     | Found a shimmering altar of Xom.
 14031 | D:11     | Noticed lasso's ghost (journeyman OpSh)
 14285 | D:11     | Found Evewk's Jewellery Boutique.
 14350 | D:11     | Found a staircase to the Lair.
 14384 | D:11     | Found Duimaraqof's General Store.
 14508 | D:11     | Found Icemurr's General Store.
 14512 | D:11     | Found Pipiut's Book Shop.
 14512 | D:11     | Found Buvo Ymne's Antique Armour Emporium.
 14592 | D:11     | Bought a +4 long sword of distortion for 399 gold pieces
 14650 | Abyss:2  | Found a corrupted altar of Lugonu.
 14650 | Abyss:2  | Cast into level 2 of the Abyss (unwielding a weapon of
                  | distortion)
 14656 | Abyss:2  | Fell from the grace of Uskayaw
 14656 | Abyss:2  | Became a worshipper of Lugonu the Unformed
 14656 | Abyss:2  | Reached * piety under Lugonu
 14656 | Abyss:2  | Reached ** piety under Lugonu
 14657 | D:10     | Escaped the Abyss
 14782 | D:11     | Noticed a two-headed ogre
 14782 | D:11     | Noticed a boulder beetle
 14784 | D:11     | Noticed a two-headed ogre
 14815 | D:11     | Killed a boulder beetle
 14816 | D:11     | Reached skill level 10 in Dodging
 14877 | D:11     | Reached skill level 14 in Stealth
 14904 | D:11     | Killed a two-headed ogre
 14945 | D:11     | Killed a two-headed ogre
 15112 | D:11     | Noticed a two-headed ogre
 15120 | D:11     | Killed a two-headed ogre
 15126 | D:11     | Reached skill level 15 in Stealth
 15347 | D:12     | Found a frozen archway.
 15397 | D:12     | Found Tudainwe's Armour Shoppe.
 15458 | IceCv    | Entered an ice cave
 15997 | IceCv    | Noticed a quicksilver ooze
 16034 | IceCv    | Killed a quicksilver ooze
 16035 | IceCv    | Reached skill level 16 in Stealth
 16035 | IceCv    | Reached XP level 13. HP: 14/63 MP: 0/20
 16255 | IceCv    | Noticed an azure jelly
 16955 | IceCv    | Found a viscous altar of Jiyva.
 16982 | IceCv    | Killed an azure jelly
 16991 | IceCv    | Identified the ring "Byebuyfi" {^Drain rPois Int+6 Dex+6}
 16994 | IceCv    | Got the ring "Gojiraeb" {^Contam rPois rC+ Will++ rCorr}
 17157 | D:12     | Found a staircase to the Orcish Mines.
 17159 | D:12     | Found Jeziter's Weapon Shoppe.
 17223 | D:12     | Reached *** piety under Lugonu
 17233 | D:12     | Reached skill level 17 in Stealth
 17357 | D:12     | Found Ysush's Tiny Tomes.
 17639 | D:12     | Noticed Gastronok
 17643 | D:12     | Killed Gastronok
 17894 | D:12     | Noticed Azrael
 18286 | D:12     | Paralysed by the fury of Uskayaw for 5 turns
 18527 | D:12     | Killed Azrael
 18726 | Lair:1   | Entered Level 1 of the Lair of Beasts
 18751 | Lair:1   | Reached skill level 18 in Stealth
 18974 | Lair:1   | Noticed Erica
 18978 | Lair:1   | Killed Erica
 19498 | Lair:1   | Reached skill level 19 in Stealth
 19946 | Lair:2   | Reached **** piety under Lugonu
 19965 | Lair:2   | Found a runed translucent door.
 19966 | Lair:2   | Found a shimmering altar of Xom.
 19966 | Lair:2   | Noticed Elebi's ghost (journeyman DrSh)
 19972 | Lair:2   | Reached skill level 15 in Hexes
 20212 | Lair:2   | Found a staircase to the Shoals.
 20264 | Lair:2   | Reached XP level 14. HP: 58/68 MP: 21/21
 21055 | Lair:3   | Found the +13 scythe of Curses {drain, curses, ^Drain}
 21701 | Lair:3   | Paralysed by the fury of Uskayaw for 4 turns
 21701 | Lair:3   | Was forgiven by Uskayaw
 21829 | Lair:3   | Reached ***** piety under Lugonu
 21860 | Lair:3   | Reached skill level 20 in Stealth
 21888 | Lair:3   | Found a hole to the Spider Nest.
 22834 | Orc:1    | Entered Level 1 of the Orcish Mines
 23276 | Orc:2    | Entered Level 2 of the Orcish Mines
 23787 | Orc:1    | Noticed Sonja
 24340 | Orc:2    | Noticed Snorg
 24588 | Orc:2    | Found a bloodstained altar of Trog.
 24838 | Orc:2    | Killed from afar by an orc priest

Illustrated notes

Levels and vault maps discovered:
D:1:      ebering_hopf_link, layout_loops_ring, serial_shops,
          nicolae_shop_pleasant_corner_grove,
          shapermc_ecumenical_altar_flowoftime, grunt_decor_resistance,
          nicolae_titane
D:2:      layout_loops_ring, serial_shops, nicolae_shop_back_alley_shop, shop,
          hangedman_decor_diamond_cutter, chequers_serial_rivers_room_a,
          minmay_misc_feat_plants, uniq_sigmund, uniq_crazy_yiuf_cottage
D:3:      layout_loops_ring, grunt_dithmenos_smoke, nicolae_gozag_seed_capital
D:4:      layout_basic, mainiacjoe_overflow_chevrons, serial_glass,
          glass_columns_a, glass_columns_a
D:5:      cheibrodos_fertilizer, layout_basic, nicolae_wu_jian_wuxing_cycle,
          nicolae_ru_path_of_blood, mainiacjoe_overflow_cross_hatched,
          serial_shops, shop_fountains, kennysheep_mini
D:6:      layout_gridville, fedhas_ov_isle_minmay, serial_shops, shop,
          uniq_duvessa
D:7:      layout_basic, mainiacjoe_overflow_24_doors,
          nemelex_diamond_rough_becter, minmay_temple_entry_slanted,
          serial_curves, eino_curves_03, eino_curves_03, enter_bailey_3,
          uniq_maurice
D:8:      layout_gridville, amcnicky_altar_gilded, uniq_prince_ribbit1
D:9:      layout_loops_corners, nrook_loot_triangle,
          dilly_guarded_unrand_throatcut, uniq_grum
D:10:     minmay_chopped_fan, layout_irregular_city,
          hellmonk_guarded_unrand_vines, uniq_erolcha
D:11:     cheibrodos_barr_body, layout_loops_ring, lair_entry_dummy,
          ebering_ghost_xom, serial_shops, kennysheep_mini_moat,
          nicolae_wooded_promenade
D:12:     layout_basic, orc_david_3, portal_ice_cave_demonic_guard,
          gauntlet_entry_generic, minivault_27, serial_bayou_pond_e,
          nicolae_shop_i_like_small_books_too, uniq_gastronok, uniq_azrael
Lair:1:   layout_loops_ring, hangedman_lair_generics_rect, uniq_erica
Lair:2:   layout_roguey, elwin_shoals_entry_stream, ebering_ghost_xom,
          beast_lair_carwin_3, infiniplex_staircase_pool
Lair:3:   layout_long_grid, spider_nest_entry_a
Lair:4:   layout_hall_layers
Orc:1:    layout_caves, uniq_sonja
Orc:2:    st_orc_mages, layout_caves, basic_altar, uniq_snorg

Skill      XL: |  1  2  3  4  5  6  7  8  9 10 11 12 13 14 |
---------------+-------------------------------------------+-----
Short Blades   | 2 3 4 8 10 13 14 | 14.0
Spellcasting   | 3 4 |  4.0
Stealth        | 7 8 9 10 12 13 16 19 20 | 20.0
Hexes          | 4 6 7 8 9 10 12 15 16 | 16.0
Ice Magic      | 1 2 |  2.0
Invocations    | 3 5 7 |  7.1
Fighting       | 3 5 |  5.7
Dodging        | 9 10 11 | 11.7

Action                     |  1- 3 |  4- 6 |  7- 9 | 10-12 | 13-15 || total
---------------------------+-------+-------+-------+-------+-------++-------
  Melee: Dagger            |    92 |    89 |   224 |   441 |   470 ||  1316
         Punch             |     1 |       |     4 |     2 |     8 ||    15
         Short sword       |       |       |       |    20 |       ||    20
         Long sword        |       |       |       |    19 |    90 ||   109
  Throw: Dart              |       |       |    32 |     4 |       ||    36
   Cast: Ensorcelled Hiber |    20 |    45 |    93 |   100 |   200 ||   458
         Confusing Touch   |       |       |       |    43 |    21 ||    64
 Invoke: Line Pass         |       |       |     3 |     3 |       ||     6
         Stomp             |       |       |     2 |       |       ||     2
         Depart the Abyss  |       |       |       |     1 |       ||     1
  Evoke: Wand              |       |       |       |     1 |       ||     1
    Use: Scroll            |       |       |       |    12 |     7 ||    19
         Potion            |       |       |       |     5 |     6 ||    11
   Stab: Sleeping          |    28 |    44 |    56 |    81 |   147 ||   356
         Paralysed         |       |       |     3 |       |       ||     3
         Confused          |       |       |       |    39 |    18 ||    57
         Distracted        |       |       |       |     4 |     5 ||     9
         Invisible         |       |       |       |     3 |       ||     3
 Armour: Robe              |    20 |    21 |    69 |    39 |       ||   149
         Steam dragon scal |       |       |       |    58 |   163 ||   221
  Dodge: Dodged            |    61 |    69 |   173 |   266 |   475 ||  1044
